 Dungeon Crawl Stone Soup version 0.26.0-45-g9c1d065592 (webtiles) character file.

Game seed: 15777507361443012624

(classic levelgen) 37 thiole the Magician (level 3, -10/21 HPs)
             Began as an Octopode Hedge Wizard on Jan 28, 2021.
             Mangled by an ogre
             ... wielding a +0 giant club
              (31 damage)
             ... on level 2 of the Dungeon.
             The game lasted 00:03:33 (1117 turns).

thiole the Magician (Octopode Hedge Wizard)         Turns: 1117, Time: 00:03:34

Health: -10/21     AC:  1    Str:  9    XL:     3   Next: 41%
Magic:  2/8        EV: 13    Int: 17    God:
Gold:   90         SH:  0    Dex: 11    Spells: 2/10 levels left

rFire    . . .     SeeInvis .   a - +0 dagger
rCold    . . .     Faith    .   (no shield)
rNeg     . . .     Spirit   .   b - +0 hat
rPois    .         Reflect  .   (no amulet)
rElec    .         Harm     .   (no ring)
rCorr    .         Rampage  .   (no ring)
Will     .....                  (no ring)
Stlth    +++.......             (no ring)
HPRegen  0.07/turn              (no ring)
MPRegen  0.11/turn              (no ring)
                                (no ring)
                                (no ring)

@: very slightly contaminated
A: almost no armour, stealthy swim, amphibious, 8 rings, constrict 8, camouflage
1, gelatinous body 1
a: no special abilities


You were on level 2 of the Dungeon.
You visited 1 branch of the dungeon, and saw 2 of its levels.

You collected 90 gold pieces.

Inventory:

Hand Weapons
 a - a +0 dagger (weapon)
Missiles
 h - 81 stones
 k - 16 poisoned darts
 l - 24 sling bullets
Armour
 b - a +0 hat (worn)
Jewellery
 c - a +6 ring of intelligence {unknown}
 j - an uncursed ring of poison resistance {unknown}
Scrolls
 e - 5 scrolls of identify {unknown}
 f - a scroll of random uselessness {unknown}
 m - a scroll of noise {unknown}
 n - a scroll of amnesia {unknown}
 o - a scroll of blinking {unknown}
Potions
 d - 4 potions of curing {unknown}
 g - 2 potions of heal wounds {unknown}
 i - a potion of haste {unknown}


   Skills:
 - Level 2.0 Dodging
 - Level 2.6 Stealth
 + Level 4.2 Spellcasting
 - Level 1.0 Conjurations
 - Level 1.0 Summonings
 - Level 1.0 Translocations


You had 2 spell levels left.
You knew the following spells:

 Your Spells              Type           Power        Failure   Level
a - Magic Dart            Conj           28%          11%         1
b - Blink                 Tloc           N/A          16%         2
c - Call Imp              Summ           7%           16%         2
d - Mephitic Cloud        Conj/Pois/Air  4%           38%         3

Your spell library contained the following spells:

 Spells                   Type           Power        Failure   Level
 Slow                     Hex            3%           24%         2
 Conjure Flame            Conj/Fire      5%           36%         3


Dungeon Overview and Level Annotations

Branches:
Dungeon (2/15)

Altars:


Innate Abilities, Weirdness & Mutations

You cannot wear most types of armour.
You are very stealthy in the water. (Stealth+)
You are amphibious.
You can wear up to eight rings at the same time.
You can use your tentacles to constrict eight enemies at once.
Your skin changes colour to match your surroundings (Stealth+).
Your rubbery body absorbs attacks. (AC +1, EV +1)


Message History

The slug dart misses you.
Found a scroll labelled CETHEA GUVIZO.
Casting: Magic Dart (safe; 11% risk of failure)
Confirm with . or Enter, or press ? or * to list all spells.
You miscast Blink.
You are very lightly contaminated with residual magic.
Nothing appears to happen.
The leopard gecko hisses angrily.
Casting: Blink (safe; 16% risk of failure)
Confirm with . or Enter, or press ? or * to list all spells.
You miscast Blink.
Nothing appears to happen.
Casting: Blink (safe; 16% risk of failure)
Confirm with . or Enter, or press ? or * to list all spells.
You blink.
An adder comes into view.
The adder hisses angrily.
The ogre closely misses you. The quokka misses you.
The ogre hits you with a +0 giant club!!
Ouch! That really hurt!
You die...

.♣...♣...♣...
#.#.#.#.#.#.# #.........#
...♣...♣...♣ #.........#
#.#.#.#.#.#.###?.........
.♣...♣...♣...##....w....#
#.#.#.#.#.#.###.......S.#
...♣.†.♣..[♣.##..l......#
#.#.#.#.#.#.###..O......#
.♣...♣...♣....§>@.r.....#
#.#.#.#.#.#.#.###########
...♣...♣...♣..#
#.#.#.#.#.#...#
#########....## ######


You could see an ogre, an adder, a dart slug, a leopard gecko and a quokka.

Vanquished Creatures
  An adder (D:2)
  An ooze (D:1)
  2 leopard geckos (D:2)
  2 giant cockroaches (D:1)
  3 hobgoblins (D:1)
  2 jackals (D:1)
  3 kobolds
  A ball python (D:1)
  2 bats
  A frilled lizard (D:1)
  A goblin (D:1)
  4 rats (D:1)
23 creatures vanquished.

Vanquished Creatures (others)
  2 plants (D:2)
2 creatures vanquished.

Grand Total: 25 creatures vanquished

Notes
Turn   | Place    | Note
-------+----------+-------------------------------------------
     0 | D:1      | thiole the Octopode Hedge Wizard began the quest for the
                  | Orb.
     0 | D:1      | Reached XP level 1. HP: 11/11 MP: 4/4
   172 | D:1      | Reached XP level 2. HP: 14/17 MP: 6/6
   990 | D:2      | Reached skill level 4 in Spellcasting
   990 | D:2      | Reached XP level 3. HP: 21/21 MP: 6/8
  1040 | D:2      | Learned a level 2 spell: Blink
  1043 | D:2      | Learned a level 2 spell: Call Imp
  1047 | D:2      | Learned a level 3 spell: Mephitic Cloud
  1112 | D:2      | Noticed an ogre
  1117 | D:2      | Mangled by an ogre

Illustrated notes

Levels and vault maps discovered:
D:1:      dpeg_arrival_rhombus, layout_basic
D:2:      layout_rooms, serial_forest, infiniplex_forest_lined_room_2,
          infiniplex_forest_end_1, infiniplex_forest_clump_tiny,
          infiniplex_forest_end_2, infiniplex_forest_end_1,
          roderic_st_hans_cross, kennysheep_crisscross

Skill      XL: |  1  2 |
---------------+-------+-----
Spellcasting   | 4 |  4.2
Dodging        | |  2.0
Stealth        | |  2.6
Conjurations   | |  1.0
Summonings     | |  1.0
Translocations | |  1.0

Action                   || total
-------------------------++-------
Melee: Dagger            ||    54
       Constrict         ||     9
       Tentacles         ||     7
 Cast: Magic Dart        ||     2
       Blink             ||     1
 Stab: Sleeping          ||    11
       Distracted        ||     1
Armor: Skin              ||     4
Dodge: Dodged            ||    36
